 Dungeon Crawl Stone Soup version 0.28.0-53-g5a82cb258f (webtiles) character file.

Game seed: 10067355362074156710

252 quixfox the Chopper (level 5, -4/48 HPs)
             Began as a Minotaur Fighter on July 13, 2022.
             Killed from afar by an orc wizard (8 damage)
             ... with a puff of flame
             ... on level 5 of the Dungeon.
             The game lasted 00:04:41 (2298 turns).

quixfox the Chopper (Minotaur Fighter)              Turns: 2298, Time: 00:04:42

Health: -4/48      AC:  7    Str: 22    XL:     5   Next: 89%
Magic:  4/4        EV:  9    Int:  5    God:
Gold:   122        SH:  4    Dex: 10    Spells: 4/4 levels left

rFire   . . .      SeeInvis .   a - +1 war axe
rCold   . . .      Faith    .   c - +0 buckler
rNeg    . . .      Spirit   .   b - +0 scale mail
rPois   .          Reflect  .   (helmet restricted)
rElec   .          Harm     .   (no cloak)
rCorr   .          Rampage  .   (no gloves)
Will    .....                   (no boots)
Stlth   ..........              (no amulet)
HPRegen 0.16/turn               (no ring)
MPRegen 0.09/turn               (no ring)

@: no status effects
A: horns 2, retaliatory headbutt
a: no special abilities


You were on level 5 of the Dungeon.
You visited 1 branch of the dungeon, and saw 5 of its levels.
You also visited: Sewer.

You collected 122 gold pieces.

Inventory:

Hand Weapons
 a - a +1 war axe (weapon)
 i - a +0 hand crossbow
Armour
 b - a +0 scale mail (worn)
 c - a +0 buckler (worn)
Wands
 g - a wand of acid (5)
Scrolls
 j - 2 scrolls of fog
Potions
 d - a potion of might
 e - a potion of berserk rage
 f - a potion of flight {unknown}
 h - 2 potions of ambrosia


   Skills:
 + Level 5.1 Fighting
 * Level 5.5 Axes
 + Level 5.0 Armour
 - Level 3.6 Shields


You had 4 spell levels left.
You didn't know any spells.
Your spell library was empty.

Dungeon Overview and Level Annotations

Branches:
Dungeon (5/15)             Temple (0/1) D:4           Sewer (visited)

Altars:
Ashenzari
Fedhas
Xom

Annotations:
D:3 1 runed translucent door, Grinder; Valamore's ghost, amateur FoFi


Innate Abilities, Weirdness & Mutations

You have a pair of horns on your head.
You reflexively headbutt those who attack you in melee.


Message History

A hobgoblin comes into view.
Found a shimmering altar of Xom.
The hobgoblin shouts!
You hear a shout!
You slash the hobgoblin!
You kill the hobgoblin!
You enter the shallow water.
Moving in this stuff is going to be slow.
An endoplasm comes into view.
The endoplasm quivers.
A goblin comes into view. It is wielding a +0 club.
The goblin shouts!
You block the endoplasm's attack.
A jelly comes into view.
The endoplasm hits you.
* * * LOW HITPOINT WARNING * * *
The jelly quivers.
The dart slug launches a dart at you. The slug dart hits you.
* * * LOW HITPOINT WARNING * * *
Found a mace.
Found a staircase to the Ecumenical Temple.
The kobold hits you with a +0 short sword.
* * * LOW HITPOINT WARNING * * *
There is a stone staircase leading down here.
The goblin completely misses you. The kobold barely misses you.
You climb downwards.
The orc shouts!
The orc wizard shouts!
You hear a shout!
Found an ivory wand.
There is a stone staircase leading up here.
You barely miss the kobold. You closely miss the goblin.
The goblin closely misses you. You block the kobold's attack.
An orc comes into view. It is wielding a +2 flail of venom.
The orc shouts!
You hit the kobold.
You kill the kobold!
You slash the goblin!
You kill the goblin!
The orc wizard casts a spell at you. The puff of flame hits you!
You die...

### #@#
#)#)...o..
..#
#/#..o.
...# #o.
#. ####
###


You could see an orc wizard and 2 orcs.

Vanquished Creatures
  A water moccasin (Sewer)
  Terence (D:2)
  6 adders
  2 worms (D:2)
  2 dart slugs
  An orc (D:4)
  2 ball pythons
  7 endoplasms
  4 giant cockroaches
  5 goblins
  5 hobgoblins
  4 jackals
  A quokka (D:2)
  6 bats
  A frilled lizard (D:3)
  6 kobolds
  6 rats
60 creatures vanquished.

Vanquished Creatures (others)
  6 plants
6 creatures vanquished.

Grand Total: 66 creatures vanquished

Notes
Turn   | Place    | Note
-------+----------+-------------------------------------------
     0 | D:1      | quixfox the Minotaur Fighter began the quest for the Orb.
     0 | D:1      | Reached XP level 1. HP: 19/19 MP: 0/0
    82 | D:1      | Found a faded altar of an unknown god.
   260 | D:1      | Reached XP level 2. HP: 27/27 MP: 1/1
   859 | D:2      | Noticed Terence
   866 | D:2      | Killed Terence
   867 | D:2      | Reached XP level 3. HP: 29/33 MP: 2/2
  1160 | D:2      | Reached XP level 4. HP: 41/41 MP: 3/3
  1481 | D:2      | Found a blossoming altar of Fedhas.
  1688 | D:3      | Found a runed translucent door.
  1689 | D:3      | Noticed Valamore's ghost (amateur FoFi)
  1716 | D:3      | Found a broken altar of Ashenzari.
  1819 | D:3      | Identified the +1 robe of the Swan {rF+++ Int-2 Dex-5
                  | Slay+4}
  1938 | D:3      | Noticed Grinder
  2007 | D:4      | Noticed a scorpion
  2017 | D:4      | Found a glowing drain.
  2026 | Sewer    | Entered a sewer
  2066 | Sewer    | Noticed a water moccasin
  2085 | Sewer    | Killed a water moccasin
  2086 | Sewer    | Reached skill level 5 in Fighting
  2086 | Sewer    | Reached skill level 5 in Axes
  2086 | Sewer    | Reached skill level 5 in Armour
  2086 | Sewer    | Reached XP level 5. HP: 13/48 MP: 4/4
  2282 | D:4      | Found a shimmering altar of Xom.
  2290 | D:4      | Found a staircase to the Ecumenical Temple.
  2296 | D:5      | Entered Level 5 of the Dungeon
  2298 | D:5      | Killed from afar by an orc wizard

Illustrated notes

Levels and vault maps discovered:
D:1:      lightli_arrival_quake, layout_basic, shapermc_ecumenical_altar_venn,
          serial_forest, infiniplex_forest_lined_2, infiniplex_forest_side_room,
          infiniplex_forest_straight_2, infiniplex_forest_corner_1,
          infiniplex_forest_clump_cross, infiniplex_forest_clump_curved,
          infiniplex_forest_clump_long, infiniplex_forest_straight_3,
          hangedman_decor_points
D:2:      layout_rooms, basic_altar, serial_forest,
          infiniplex_forest_clump_long, infiniplex_forest_clump_double,
          infiniplex_forest_zigzag_2, infiniplex_forest_lined_2,
          infiniplex_forest_lined_room_2, infiniplex_forest_corner_1,
          chequers_mini_garden, minmay_tetromino_o2, uniq_terence
D:3:      layout_basic, nicolae_ashenzari_panopticon,
          ebering_ghost_reflecting_pool, grunt_ministairs_2, kennysheep_nub,
          uniq_grinder
D:4:      layout_basic, tgw_fedhas, xom_confusion_cloud, temple_pool_b,
          cheibrodos_sewer_entry_drain, chequers_big_river,
          chequers_serial_rivers_micro_e, sigmund_edmund_badplayer
D:5:      layout_loops_ring, serial_shops, shop,
          corexii_item_surrounded_by_moat, minmay_checkerbox

Skill      XL: |  1  2  3  4 |
---------------+-------------+-----
Axes           | 3 4 5 |  5.5
Fighting       | 4 5 |  5.1
Armour         | 4 5 |  5.0
Shields        | |  3.6

Action                   |  1- 3 |  4- 6 || total
-------------------------+-------+-------++-------
Melee: War axe           |    53 |    57 ||   110
       Headbutt          |     7 |     4 ||    11
  Use: Scroll            |       |     7 ||     7
       Potion            |       |     4 ||     4
Armor: Scale mail        |    19 |    40 ||    59
Dodge: Dodged            |    22 |    54 ||    76
Block: Buckler           |     6 |    22 ||    28
